 Dungeon Sprint DCSS version 0.30-a0-222-ge547ba4400 (webtiles) character file.

Game seed: 10706166146035391381

2419 tbh1313 the Bludgeoner (level 9, -5/80 HPs)
             Began as a Troll Berserker on Oct 9, 2022.
             Was an Elder of Trog.
             Slain by Sonja
             ... wielding a +0 short sword of distortion
              (14 damage)
             ... in the Dungeon (Sprint I: "Red Sonja").
             The game lasted 00:02:26 (318 turns).

tbh1313 the Bludgeoner (Troll Berserker)             Turns: 318, Time: 00:02:27

Health: -5/80      AC:  6    Str: 27    XL:     9   Next: 24%
Magic:  8/8        EV: 10    Int:  7    God:    Trog [****..]
Gold:   293        SH:  0    Dex:  9    Spells: 8/8 levels left

rFire   + . .      SeeInvis .    a - +0 giant spiked club (chaos)
rCold   . . .      Faith    .    (shield currently unavailable)
rNeg    . . .      Spirit   .    j - +2 robe {rF+}
rPois   .          Reflect  .    (helmet restricted)
rElec   .          Harm     .    (no cloak)
rCorr   .          Rampage  .    (gloves unavailable)
Will    .....      NoTele   +    (boots unavailable)
Stlth   +.........               (no amulet)
HPRegen 1.13/turn                (no ring)
MPRegen 0.11/turn                (no ring)

@: on berserk cooldown, slowed, very slow
A: large, unfitting armour, claws 3, regeneration 1, shaggy fur 1, tough skin 1
a: Renounce Religion, Berserk, Trog's Hand, Brothers in Arms


You were in the Dungeon.
You worshipped Trog.
Trog was greatly pleased with you.
You visited 1 branch You collected 426 gold pieces.
You spent 133 gold pieces at shops.

Inventory:

Hand Weapons
 a - a +0 giant spiked club of chaos (weapon)
Armour
 j - a +2 robe of fire resistance (worn)
Wands
 i - a wand of acid (2)
Scrolls
 b - a scroll of identify {unknown}
Potions
 c - 2 potions of curing
 d - a potion of heal wounds
 e - a potion of haste
 f - 2 potions of magic
 g - a potion of berserk rage


   Skills:
 - Level 2.4 Fighting
 + Level 19.1 Maces & Flails
 - Level 2.4 Dodging


You had 8 spell levels left.
You didn't know any spells.
Your spell library was empty.

Dungeon Overview and Level Annotations

Branches:
Dungeon (1/1)

Altars:
Cheibriados
Dithmenos
Elyvilon
Fedhas
Gozag
Hepliaklqana
Kikubaaqudgha
Makhleb
Nemelex Xobeh
Okawaru
Qazlal
Ru
Sif Muna
Trog
Uskayaw
Vehumet
Wu Jian
Xom
Yredelemnul
Zin
The Shining One
Jiyva
Lugonu

Shops:
D *

Annotations:
D Sonja


Innate Abilities, Weirdness & Mutations

You are too large for most types of armour.
You have claws for hands.
Your natural rate of healing is unusually fast.
You are covered in fur. (AC +1)
You have tough skin. (AC +1)


Message History

There is an open door here.
You miss Sonja.
Sonja is moderately wounded.
You feel sick.
Sonja hits you with a +0 short sword of distortion!
Sonja hits you with a +0 short sword of distortion.
Space warps around you. Sonja hits you but does no damage.
Space warps horribly around you!
Sonja mumbles some strange words.
Sonja blinks!
You are too berserk!
You feel sick.
You slam the door shut with a bang!
You feel a strong urge to attack something.
You feel sick.
You start resting.
You feel sick.
You feel your anger nearly subside.
You are no longer berserk.
You are exhausted.
You feel as though you will be slow longer.
You feel sick.
You start resting.
You feel sick.
Sonja, the Graceful Assassin opens the door.
She is wielding a +0 short sword of distortion and quivering curare-tipped darts.
Sonja bows elegantly.
Aiming: Corrosive Bolt
Press: ? - help, Shift-Dir - straight line, f/p - Sonja
Aim: Sonja, wielding a +0 short sword of distortion and quivering curare-tipped darts (moderately wounded, 29% to hit)
The bolt of acid hits Sonja!
The acid corrodes Sonja!
Sonja is heavily wounded.
You feel sick.
You are no longer poisoned.
Sonja hits you but does no damage.
Sonja hits you with a +0 short sword of distortion.
Space warps horribly around you!!
* * * LOW HITPOINT WARNING * * *
Sonja hits you with a +0 short sword of distortion.
* * * LOW HITPOINT WARNING * * *
Space warps around you.
* * * LOW HITPOINT WARNING * * *
Sonja hits you but does no damage. Space warps horribly around you!
You die...

#..').#..'[.#..'..'.)#...#
#..#####'#####'#__####...+
#..####..#...#.####..#####
#..#__####..##.#§~§.§#
#..#_____##'#_.§~§§).+
#⌠⌠#_.∩...†.§§_#§§~.§#
####_..__##_§#'##+####
#_____###K#[# #######
#@### +$.$+ #$.$# ##.##
#+#


You could see Sonja (corroded).

Levels and vault maps discovered:
D:        dungeon_sprint_1 [red_sonja_temple_1, red_sonja_temple_small_1]

Notes
Turn   | Place    | Note
-------+----------+-------------------------------------------
     0 | D        | tbh1313 the Troll Berserker began the quest for the Orb.
     0 | D        | Reached XP level 1. HP: 22/22 MP: 0/0
     1 | D        | Noticed Ijyb
    13 | D        | Killed Ijyb
    14 | D        | Reached skill level 5 in Maces & Flails
    14 | D        | Reached XP level 2. HP: 20/29 MP: 1/1
    39 | D        | Noticed an ogre
    44 | D        | Killed an ogre
    45 | D        | Reached skill level 8 in Maces & Flails
    45 | D        | Reached XP level 3. HP: 35/36 MP: 2/2
    45 | D        | Reached XP level 4. HP: 43/44 MP: 3/3
    57 | D        | Noticed Sigmund
    63 | D        | Killed Sigmund
    63 | D        | Reached ** piety under Trog
    64 | D        | Reached skill level 11 in Maces & Flails
    64 | D        | Reached XP level 5. HP: 42/50 MP: 4/4
   104 | D        | Found an ornate altar of the Wu Jian Council.
   104 | D        | Found a shimmering blue altar of Sif Muna.
   106 | D        | Found a radiant altar of Vehumet.
   111 | D        | Reached skill level 12 in Maces & Flails
   111 | D        | Reached XP level 6. HP: 59/59 MP: 5/5
   139 | D        | Found Urriocw's General Store.
   139 | D        | Found an ancient bone altar of Kikubaaqudgha.
   139 | D        | Found a hazy altar of Hepliaklqana.
   139 | D        | Found a stormy altar of Qazlal.
   139 | D        | Found a hide-covered altar of Uskayaw.
   139 | D        | Found a blossoming altar of Fedhas.
   139 | D        | Found a bloodstained altar of Trog.
   139 | D        | Found an iron altar of Okawaru.
   139 | D        | Found a basalt altar of Yredelemnul.
   139 | D        | Found a glowing golden altar of the Shining One.
   139 | D        | Found a snail-covered altar of Cheibriados.
   139 | D        | Found a sacrificial altar of Ru.
   139 | D        | Found a glowing silver altar of Zin.
   139 | D        | Found a shadowy altar of Dithmenos.
   139 | D        | Found a white marble altar of Elyvilon.
   139 | D        | Noticed a yak
   142 | D        | Killed a yak
   143 | D        | Reached skill level 13 in Maces & Flails
   143 | D        | Found an opulent altar of Gozag.
   144 | D        | Found a sparkling altar of Nemelex Xobeh.
   148 | D        | Bought a scroll of brand weapon for 133 gold pieces
   157 | D        | Noticed a centaur warrior
   157 | D        | Noticed a centaur warrior
   161 | D        | Killed a centaur warrior
   161 | D        | Reached *** piety under Trog
   162 | D        | Reached skill level 16 in Maces & Flails
   162 | D        | Reached XP level 7. HP: 36/66 MP: 6/6
   162 | D        | Reached XP level 8. HP: 40/74 MP: 7/7
   169 | D        | HP: 9/111 [centaur warrior (5)]
   170 | D        | Killed a centaur warrior
   171 | D        | Reached skill level 17 in Maces & Flails
   226 | D        | Found a burning altar of Makhleb.
   226 | D        | Found a viscous altar of Jiyva.
   226 | D        | Found a shimmering altar of Xom.
   226 | D        | Found a corrupted altar of Lugonu.
   226 | D        | Noticed a slime creature
   229 | D        | Killed a slime creature
   242 | D        | Noticed a kobold demonologist
   242 | D        | Noticed a kobold demonologist
   245 | D        | Reached skill level 18 in Maces & Flails
   249 | D        | Killed a kobold demonologist
   249 | D        | Reached **** piety under Trog
   250 | D        | Reached XP level 9. HP: 80/80 MP: 8/8
   263 | D        | Killed a kobold demonologist
   264 | D        | Reached skill level 19 in Maces & Flails
   307 | D        | Noticed Sonja
   318 | D        | Slain by Sonja

Table legend: (Time is in decaauts)
 A = Elapsed time spent in this place.
 B = Non-inter-level travel time spent in this place.
 C = Inter-level travel time spent in this place.
 D = Time resting spent in this place.
 E = Time spent auto-exploring this place.
 F = Levels seen in this place.
 G = Mean time per level.
                   A        B        C        D        E       F      G
               +--------+--------+--------+--------+--------+-----+--------+
         Total |    346 |    346 |      0 |    130 |     14 |   1 |  346.0 |
       Dungeon |    346 |    346 |      0 |    130 |     14 |   1 |  346.0 |
               +--------+--------+--------+--------+--------+-----+--------+

Top non-repeatable levels by time:
       D: 346 daAuts

Table legend:
 A = Kills in this place as a percentage of kills in entire the game.
 B = Kills by you in this place as a percentage of kills by you in the entire game.
 C = Kills by friends in this place as a percentage of kills by friends in the entire game.
 D = Other kills in this place as a percentage of other kills in the entire game.
 E = Experience gained in this place as a percentage of experience gained in the entire game.
 F = Experience gained in this place divided by the number of levels of this place that you have seen.
                   A       B       C       D       E      F
               +-------+-------+-------+-------+-------+----------------------
         Total | 100.0 | 100.0 |   N/A |   N/A | 100.0 | 3456.0
       Dungeon | 100.0 | 100.0 |   N/A |   N/A | 100.0 | 3456.0
               +-------+-------+-------+-------+-------+----------------------

Action                   |  1- 3 |  4- 6 |  7- 9 || total
-------------------------+-------+-------+-------++-------
Melee: Mace              |    14 |       |       ||    14
       Giant spiked club |       |    12 |    32 ||    44
Invok: Berserk           |     2 |     1 |     2 ||     5
Evoke: Wand              |       |       |     3 ||     3
  Use: Scroll            |       |     2 |       ||     2
Armor: Animal skin       |     1 |     2 |       ||     3
       Robe              |       |     8 |    14 ||    22
Dodge: Dodged            |     3 |     7 |     8 ||    18

Vanquished Creatures
  2 centaur warriors (D)
  2 kobold demonologists (D)
  A slime creature (D)
  Sigmund (D)
  A yak (D)
  A floating eye (D)
  An ogre (D)
  A jelly (D)
  Ijyb (D)
11 creatures vanquished.
